 Dungeon Crawl Stone Soup version 0.27.1-3-gb3d3a73c9e (webtiles) character file.

Game seed: 17232651083851338088

1185 Eitelfritz the Spear-Bearer (level 8, -4/61 HPs)
             Began as a Merfolk Gladiator on Oct 29, 2021.
             Was an Initiate of Okawaru.
             Slain by an orc warrior (9 damage)
             ... on level 6 of the Dungeon.
             The game lasted 00:16:46 (7588 turns).

Eitelfritz the Spear-Bearer (Merfolk Gladiator)     Turns: 7588, Time: 00:16:47

Health: -4/61      AC:  9    Str: 15    XL:     8   Next: 42%
Magic:  8/8        EV: 11    Int:  9    God:    Okawaru [......]
Gold:   178        SH:  0    Dex: 15    Spells: 7/7 levels left

rFire    . . .     SeeInvis .   a - +0 trident (flame)
rCold    . . .     Faith    .   (no shield)
rNeg     . . .     Spirit   .   q - +0 scale mail
rPois    .         Reflect  .   c - +1 helmet
rElec    .         Harm     .   (no cloak)
rCorr    .         Rampage  .   (no gloves)
Will     .....                  (no boots)
Stlth    +.........             (no amulet)
HPRegen  0.20/turn              (no ring)
MPRegen  0.11/turn              (no ring)

@: no status effects
A: (nimble swimmer 2), mertail
a: Renounce Religion


You were on level 6 of the Dungeon.
You worshipped Okawaru.
Okawaru was noncommittal.
You visited 2 branches of the dungeon, and saw 7 of its levels.
You also visited: Ossuary.

You collected 178 gold pieces.

Inventory:

Hand Weapons
 a - a +0 trident of flaming (weapon)
 x - a +0 halberd
Missiles
 d - 3 throwing nets (quivered)
 p - 11 boomerangs
Armour
 c - a +1 helmet (worn)
 q - a +0 scale mail (worn)
Jewellery
 b - a ring of protection from cold
 i - a +6 ring of intelligence
 k - a ring of protection from cold
Wands
 e - a wand of iceblast (7)
Scrolls
 f - 2 scrolls of fear
 g - a scroll of immolation
 j - 3 scrolls of teleportation
 m - a scroll of brand weapon
 t - a scroll of vulnerability {unknown}
 y - a scroll of fog {unknown}
 A - a scroll of holy word {unknown}
Potions
 h - 3 potions of brilliance
 l - a potion of might
 n - 2 potions of attraction
 o - a potion of cancellation
 r - 2 potions of lignification
 s - a potion of mutation
 u - a potion of heal wounds
 v - 2 potions of magic
 w - 2 potions of haste
 z - a potion of flight {unknown}
 B - a potion of ambrosia {unknown}


   Skills:
 + Level 4.7 Fighting
 + Level 10.3 Polearms
 + Level 2.2 Throwing
 + Level 3.3 Armour
 + Level 5.8 Dodging
 + Level 1.6 Stealth


You had 7 spell levels left.
You didn't know any spells.
Your spell library contained the following spells:

 Spells                   Type           Power      Damage    Failure   Level
 Corona                   Hex            0%         N/A       83%         1
 Shock                    Conj/Air       0%         1d3       83%         1
 Ensorcelled Hibernation  Hex/Ice        0%         N/A       92%         2
 Swiftness                Air            0%         N/A       99%         3
 Tukima's Dance           Hex            0%         N/A       99%         3
 Airstrike                Air            0%         N/A       100%        4


Dungeon Overview and Level Annotations

Branches:
Dungeon (6/15)             Temple (1/1) D:5         Ossuary (visited)

Altars:
Ashenzari
Fedhas
Hepliaklqana
Kikubaaqudgha
Makhleb
Nemelex Xobeh
Okawaru
Qazlal
Ru
Trog
Uskayaw
Vehumet
Wu Jian
Xom
Zin
The Shining One

Shops:
D:3 :


Innate Abilities, Weirdness & Mutations

((You are quick and stealthy near water. (Stealth+, EV+, Speed+++)))
Your lower body shifts to a powerful aquatic tail in water.


Message History

You hit something but do no damage. Something hits you but does no damage.
You miss something. Something hits you but does no damage.
You miss something. Something hits you.
You hit something. You burn something.
The orc warrior hits you from afar with a +0 trident of protection.
You miss something. Something hits you but does no damage.
The orc warrior closely misses you.
You closely miss something. Something hits you.
The orc warrior hits you from afar with a +0 trident of protection.
You miss something. Something hits you but does no damage.
The orc warrior closely misses you. Something hits you but does no damage.
The orc warrior hits you from afar with a +0 trident of protection!
You barely miss something. Something hits you.
You hit something. You burn something. The orc warrior barely misses you.
You hear some strange, mumbled words.
A magic dart appears from out of thin air!
The magic dart hits you.
You hit something. You burn something. Okawaru accepts your kill.
Reactivating autopickup.
You feel a bit more experienced. The orc warrior closely misses you.
The orc warrior hits you with a +0 trident of protection.
Things that are here:
a +0 dagger; a +0 robe You hit the orc warrior but do no damage.
The orc warrior closely misses you.
You hit the orc warrior but do no damage.
You hit the orc warrior. You burn the orc warrior.
The orc warrior is lightly wounded.
The orc warrior hits you with a +0 trident of protection.
* * * LOW HITPOINT WARNING * * *
You hit the orc warrior. You burn the orc warrior.
The orc warrior is moderately wounded.
The orc warrior hits you with a +0 trident of protection!
* * * LOW HITPOINT WARNING * * *
You hit the orc warrior but do no damage.
The orc warrior is moderately wounded.
The orc warrior hits you with a +0 trident of protection!
You die...

# ..##.##.# #######.. .
#.#.#.#####........ #. #.
#...##............
##..#.###.###.###.####..<
#......)......###.####.#.
#.........#.#..........#.
#....###.###..###.##.####
.... #o####.###.##...#.
... #@..?.>.##.###..#. ..
#.####..##.###>... # #.#
#.....##..##. ..#
##.#......... ..##
#........### ##.
###.##.#.## #. #.#.###.##
#. #..## ##.# #. #.## ##.


You could see an orc warrior.

Vanquished Creatures
  Grinder (D:3)
  Menkaure (Ossuary)
  A black bear (D:5)
  A gnoll sergeant (D:5)
  A scorpion (D:5)
  A jelly (D:5)
  An orc priest (D:4)
  4 iguanas
  4 orc wizards
  A killer bee zombie (D:5)
  3 mummies (Ossuary)
  Robin (D:2)
  4 adders
  9 gnolls
  A shadow imp (D:5)
  5 worms
  8 orcs
  4 ball pythons
  7 bats
  10 endoplasms
  A giant cockroach (D:1)
  5 gnoll zombies (Ossuary)
  18 goblins
  5 hobgoblins
  8 kobolds
  2 quokkas
  4 frilled lizards
  8 gnoll skeletons (Ossuary)
  5 goblin skeletons (Ossuary)
  5 goblin zombies (Ossuary)
  4 hobgoblin skeletons (Ossuary)
  4 hobgoblin zombies (Ossuary)
  3 kobold skeletons (Ossuary)
  5 kobold zombies (Ossuary)
  4 orc skeletons (Ossuary)
  4 orc zombies (Ossuary)
  6 rats (D:2)
  A rat skeleton (Ossuary)
  2 rat zombies (Ossuary)
162 creatures vanquished.

Vanquished Creatures (others)
  5 dream sheep (D:6)
5 creatures vanquished.

Grand Total: 167 creatures vanquished

Notes
Turn   | Place    | Note
-------+----------+-------------------------------------------
     0 | D:1      | Eitelfritz the Merfolk Gladiator began the quest for the
                  | Orb.
     0 | D:1      | Reached XP level 1. HP: 16/16 MP: 1/1
   236 | D:1      | Reached XP level 2. HP: 22/22 MP: 2/2
   248 | D:1      | Reached skill level 5 in Polearms
   411 | D:1      | Reached XP level 3. HP: 28/28 MP: 3/3
   840 | D:1      | Found a faded altar of an unknown god.
  1236 | D:2      | Noticed Robin
  1245 | D:2      | Reached XP level 4. HP: 28/34 MP: 4/4
  1252 | D:2      | Killed Robin
  1253 | D:2      | Reached skill level 6 in Polearms
  2713 | D:3      | Reached XP level 5. HP: 29/40 MP: 5/5
  2986 | D:3      | Noticed Grinder
  2998 | D:3      | Paralysed by Grinder for 2 turns
  3011 | D:3      | Killed Grinder
  3012 | D:3      | Reached skill level 7 in Polearms
  3012 | D:3      | Reached skill level 1 in Armour
  3012 | D:3      | Reached skill level 5 in Dodging
  3012 | D:3      | Reached XP level 6. HP: 5/47 MP: 6/6
  3422 | D:3      | Found Jycvopo's Book Boutique.
  3968 | D:4      | Found a sand-covered staircase.
  3977 | Ossuary  | Entered an ossuary
  4228 | Ossuary  | Reached skill level 1 in Stealth
  4486 | Ossuary  | Reached skill level 8 in Polearms
  4506 | Ossuary  | Noticed Menkaure
  4525 | Ossuary  | Killed Menkaure
  4526 | Ossuary  | Reached XP level 7. HP: 16/54 MP: 7/7
  5037 | D:4      | Reached skill level 9 in Polearms
  5521 | D:5      | Entered Level 5 of the Dungeon
  6491 | D:5      | Reached XP level 8. HP: 61/61 MP: 8/8
  6512 | D:5      | Reached skill level 10 in Polearms
  6593 | D:5      | Found a staircase to the Ecumenical Temple.
  6901 | D:5      | Found a hide-covered altar of Uskayaw.
  6984 | Temple   | Entered the Ecumenical Temple
  7092 | Temple   | Became a worshipper of Warmaster Okawaru
  7354 | D:6      | Noticed a dream sheep
  7354 | D:6      | Noticed a dream sheep
  7354 | D:6      | Noticed a dream sheep
  7354 | D:6      | Noticed a dream sheep
  7354 | D:6      | Noticed a dream sheep
  7354 | D:6      | Found a shimmering altar of Xom.
  7356 | D:6      | Killed a dream sheep
  7358 | D:6      | Killed a dream sheep
  7360 | D:6      | Killed a dream sheep
  7361 | D:6      | Killed a dream sheep
  7361 | D:6      | Killed a dream sheep
  7588 | D:6      | Slain by an orc warrior

Illustrated notes

Levels and vault maps discovered:
D:1:      minmay_arrival_diagonal_passages, layout_loops_ring,
          dilly_ecumenical_altar_fadedgnrine, minmay_misc_feat_nine_boxes,
          nrook_mini_backslash
D:2:      cheibrodos_old_hovel, layout_basic, minmay_puff, uniq_robin
D:3:      layout_basic, serial_shops, shop, uniq_grinder
D:4:      layout_gridville, enter_ossuary_1, chequers_serial_rivers_large_a
D:5:      layout_gridville, lemuel_doored_altar, minmay_temple_entry_tees
D:6:      layout_loops_ring, kb_xom_exploding_sheep
Temple:   jpeg_temple_clearing

Skill      XL: |  1  2  3  4  5  6  7  8 |
---------------+-------------------------+-----
Polearms       | 5 6 7 8 9 10 | 10.3
Fighting       | 3 4 |  4.7
Armour         | 1 2 3 |  3.3
Dodging        | 5 |  5.8
Stealth        | 1 |  1.6
Throwing       | |  2.2

Action                   |  1- 3 |  4- 6 |  7- 9 || total
-------------------------+-------+-------+-------++-------
Melee: Trident           |    91 |   337 |   178 ||   606
       Tailslap          |       |     2 |     1 ||     3
  Use: Potion            |       |     4 |       ||     4
       Scroll            |       |     4 |    10 ||    14
 Stab: Sleeping          |       |     1 |       ||     1
Armor: Leather armour    |     2 |       |       ||     2
       Ring mail         |    25 |    89 |    35 ||   149
       Scale mail        |       |       |     9 ||     9
Dodge: Dodged            |    40 |   173 |    77 ||   290
